 Dungeon Crawl Stone Soup version 0.29.0-4-gdea44cf6ec (webtiles) character file.

Game seed: 7717113399630821708

27 qw the Chopper (level 3, 0/21 HPs)
             Began as a Tengu Warper on Aug 28, 2022.
             Succumbed to their own poison gas
             ... on level 1 of the Dungeon.
             The game lasted 00:00:07 (974 turns).

qw the Chopper (Tengu Warper)                        Turns: 974, Time: 00:00:07

Health: 0/21       AC:  7    Str: 13    XL:     3   Next: 10%
Magic:  7/7        EV:  9    Int: 13    God:
Gold:   29         SH:  3    Dex: 13    Spells: 6/6 levels left

rFire   . . .      SeeInvis .   Y - +0 hand axe
rCold   . . .      Faith    .   g - +0 buckler
rNeg    . . .      Spirit   .   h - +0 scale mail
rPois   .          Reflect  .   (helmet restricted)
rElec   .          Harm     .   (no cloak)
rCorr   .          Rampage  .   l - +0 pair of gloves
Will    .....                   (boots unavailable)
Stlth   ..........              (no amulet)
HPRegen 0.07/turn               (no ring)
MPRegen 0.10/turn               (no ring)

@: lethally poisoned (0 -> -6), weak-willed
A: beak, talons 3
a: no special abilities


You were on level 1 of the Dungeon.
You visited 1 branch of the dungeon, and saw 1 of its levels.

You collected 29 gold pieces.


Innate Abilities, Weirdness & Mutations

You have a beak for a mouth.
You have claws for feet.


   Skills:
 - Level 2.0 Fighting
 - Level 3.8 Axes
 - Level 1.0 Throwing
 - Level 1.1 Armour
 - Level 2.1 Dodging
 + Level 0.0 Shields
 - Level 2.0 Spellcasting
 - Level 2.4 Translocations


You had 6 spell levels left.
You didn't know any spells.
Your spell library contained the following spells:

 Spells                   Type           Power      Damage    Failure   Level
 Blink                    Tloc           14%        N/A       67%         2
 Gell's Gravitas          Tloc           7%         N/A       88%         3
 Lesser Beckoning         Tloc           7%         N/A       88%         3
 Teleport Other           Tloc           7%         N/A       88%         3
 Manifold Assault         Tloc           7%         N/A       100%        5

Inventory:

Hand Weapons
 i - a +0 whip
 Y - a +0 hand axe (weapon)
Armour
 g - a +0 buckler (worn)
 h - a +0 scale mail (worn)
 l - a +0 pair of gloves (worn)
Scrolls
 k - a scroll of identify
Potions
 d - a potion of lignification {unknown}
 e - a potion of might {unknown}

Dungeon Overview and Level Annotations

Branches:
Dungeon (1/15)

Altars:


Message History

964 ||| READING scroll labelled REZIKL XEKOJ.
As you read the scroll labelled REZIKL XEKOJ, it crumbles to dust.
Magic quickly surges around you.
It was a scroll of vulnerability.
Done exploring.
965 ||| READING scroll labelled SOOMOG FEMPOSI.
The air fills with toxic fumes!
As you read the scroll labelled SOOMOG FEMPOSI, it crumbles to dust.
It was a scroll of poison.
Done exploring.
966 ||| READING 2 scrolls labelled CYCROS RUCS.
As you read the scroll labelled CYCROS RUCS, it crumbles to dust.
It is a scroll of identify.
Really abort (and waste the scroll)?
Done exploring.
967 ||| READING scroll labelled PENGACL CAFUO.
As you read the scroll labelled PENGACL CAFUO, it crumbles to dust.
The scroll dissolves into smoke.
It was a scroll of fog.
Done exploring.
968 ||| DROPPING scroll of blinking.
You drop a scroll of blinking.
Done exploring.
(D) Dungeon
Where to? (* - list waypoints, ? - help)
What level of the Dungeon? (default 1, ? - help) Sorry, I don't know how to get there.
Done exploring.
969 ||| Stepping randomly (stuck).
Really walk into that cloud of poison gas?
You are engulfed in poison gas.
You are lethally poisoned!
You feel very sick.
970 ||| Stepping ~*~*~tactically~*~*~ (cloud).
You feel very sick.
There is a lethal amount of poison in your body!
You feel very sick.
There is a lethal amount of poison in your body!
You feel sick.
There is a lethal amount of poison in your body!
You feel sick.
There is a lethal amount of poison in your body!
You die...

#.....:..#.# #.
#..###.....### #.
#....#.#.....#####.
##.#.#.#...........
#.#.#.#.....#####.
#.#....).....%....
#.###.#.......)...
#.#.........).....
#@#¤#.............
#¤00##############
##### # # # # # #


There were no monsters in sight!

Vanquished Creatures
  3 ball pythons (D:1)
  3 bats (D:1)
  4 endoplasms (D:1)
  A giant cockroach (D:1)
  2 goblins (D:1)
  4 hobgoblins (D:1)
  3 kobolds (D:1)
  A rat (D:1)
21 creatures vanquished.

Vanquished Creatures (others)
  A demonic plant (D:1)
1 creature vanquished.

Grand Total: 22 creatures vanquished

Notes
Turn   | Place    | Note
-------+----------+-------------------------------------------
     0 | D:1      | qw the Tengu Warper began the quest for the Orb.
     0 | D:1      | Reached XP level 1. HP: 12/12 MP: 4/4
     0 | D:1      | 0 ||| qw: Version: 0.1-a-89-g26bdef1
     0 | D:1      | 0 ||| qw: Game counter: 2122
     0 | D:1      | 0 ||| qw: Always use a shield: true
     0 | D:1      | 0 ||| qw: God list: Okawaru
     0 | D:1      | 0 ||| qw: Allow faded altars: false
     0 | D:1      | 0 ||| qw: Do Orc after D:15 true
     0 | D:1      | 0 ||| qw: Do second Lair branch before Depths: true
     0 | D:1      | 0 ||| qw: Lair rune preference: random
     0 | D:1      | 0 ||| qw: Plans: Normal
     0 | D:1      | 0 ||| PLANNING D:1-11
    64 | D:1      | 64 ||| Stepping ~*~*~tactically~*~*~ (stealth).
    65 | D:1      | 65 ||| Stepping ~*~*~tactically~*~*~ (stealth).
    66 | D:1      | 66 ||| Stepping ~*~*~tactically~*~*~ (stealth).
    68 | D:1      | 68 ||| Stepping ~*~*~tactically~*~*~ (stealth).
    73 | D:1      | 73 ||| Stepping ~*~*~tactically~*~*~ (stealth).
   104 | D:1      | 104 ||| Stepping ~*~*~tactically~*~*~ (stealth).
   205 | D:1      | Reached XP level 2. HP: 17/17 MP: 6/6
   214 | D:1      | Reached skill level 3 in Axes
   727 | D:1      | Found a faded altar of an unknown god.
   727 | D:1      | Noticed a green death
   820 | D:1      | 820 ||| Stepping ~*~*~tactically~*~*~ (stealth).
   830 | D:1      | Reached XP level 3. HP: 18/21 MP: 7/7
   895 | D:1      | 895 ||| Stepping ~*~*~tactically~*~*~ (stealth).
   943 | D:1      | 943 ||| UPGRADING to +0 buckler.
   948 | D:1      | 948 ||| UPGRADING to +0 scale mail.
   958 | D:1      | 958 ||| DROPPING +0 leather armour.
   959 | D:1      | 959 ||| UPGRADING to +0 pair of gloves.
   964 | D:1      | 964 ||| READING scroll labelled REZIKL XEKOJ.
   965 | D:1      | 965 ||| READING scroll labelled SOOMOG FEMPOSI.
   966 | D:1      | 966 ||| READING 2 scrolls labelled CYCROS RUCS.
   967 | D:1      | 967 ||| READING scroll labelled PENGACL CAFUO.
   968 | D:1      | 968 ||| DROPPING scroll of blinking.
   969 | D:1      | 969 ||| Stepping randomly (stuck).
   970 | D:1      | 970 ||| Stepping ~*~*~tactically~*~*~ (cloud).
   971 | D:1      | HP: 5/21 [poisoned by you (poison gas)]
   973 | D:1      | HP: 1/21 [poisoned by you (poison gas)]
   974 | D:1      | Succumbed to their own poison gas

Levels and vault maps discovered:
D:1:      giann_wishing_wells, layout_basic,
          dreamdust_ecumenical_altar_sealed_demon

Skill      XL: |  1  2 |
---------------+-------+-----
Axes           | 3 |  3.8
Fighting       | |  2.0
Throwing       | |  1.0
Armour         | |  1.1
Dodging        | |  2.1
Spellcasting   | |  2.0
Translocations | |  2.4

Action                   || total
-------------------------++-------
Melee: Hand axe          ||    48
       Kick              ||    11
       Peck              ||     7
       Punch             ||     2
Throw: Boomerang         ||     7
  Use: Scroll            ||     4
Armor: Leather armour    ||    21
Dodge: Dodged            ||    22

Table legend:
 A = Non-vault XP
 B = Vault XP
 C = Vault XP percentage of total XP
 D = Non-vault monster count
 E = Vault monster count
 F = Vault count percentage of total count
                 A         B        C        D         E       F
            +---------+---------+-------+---------+---------+-------
      Total |      39 |       0 |   0.0 |      21 |       0 |   0.0
            +---------+---------+-------+---------+---------+-------
        D:1 |      39 |       0 |   0.0 |      21 |       0 |   0.0
            +---------+---------+-------+---------+---------+-------
